 Dungeon Crawl Stone Soup version 0.31-a0-232-gb1c03b2570 (webtiles) character file.

Game seed: 18138247040807668152

86 qw the Shooter (level 4, 0/36 HPs)
             Began as a Minotaur Hexslinger on July 7, 2023.
             Slain by an orc
             ... wielding a +0 flail
              (8 damage)
             ... on level 3 of the Dungeon.
             The game lasted 00:00:38 (2091 turns).

qw the Shooter (Minotaur Hexslinger)                Turns: 2091, Time: 00:00:39

Health: 0/36       AC:  5    Str: 13    XL:     4   Next: 26%
Magic:  4/4        EV: 11    Int: 10    God:
Gold:   185        SH:  0    Dex: 14    Spells: 4/5 levels left

rFire   . . .        Y - +1 sling
rCold   . . .        (no shield)
rNeg    . . .        f - +0 ring mail
rPois   .            (helmet restricted)
rElec   .            (no cloak)
rCorr   .            (no gloves)
SInv    .            (no boots)
Will    .....        (no amulet)
Stlth   +            (no ring)
HPRegen 0.26/turn    (no ring)
MPRegen 0.09/turn

%: no passive effects
@: about to teleport
A: horns 2, retaliatory headbutt
a: no special abilities


You were on level 3 of the Dungeon.
You visited 1 branch of the dungeon, and saw 3 of its levels.

You collected 185 gold pieces.


Innate Abilities, Weirdness & Mutations

You have a pair of horns on your head.
You reflexively headbutt those who attack you in melee.


   Skills:
 - Level 2.1 Fighting
 + Level 4.4 Ranged Weapons
 - Level 1.5 Armour
 - Level 2.1 Dodging
 - Level 1.0 Spellcasting
 - Level 2.0 Hexes


You had 4 spell levels left.
You knew the following spells:

 Your Spells              Type           Power      Damage    Failure   Level
a - Slow                  Hex            16%        N/A       32%         1

Your spell library contained the following spells:

 Spells                   Type           Power      Damage    Failure   Level
 Inner Flame              Hex/Fire       2%         N/A       82%         3
 Portal Projectile        Hex/Tloc       4%         N/A       82%         3
 Cause Fear               Hex            2%         N/A       97%         4

Inventory:

Hand Weapons
 Y - a +1 sling (weapon)
Armour
 f - a +0 ring mail (worn)
Scrolls
 a - a scroll of identify
Potions
 b - a potion of invisibility {unknown}
 e - a potion of haste {unknown}

Dungeon Overview and Level Annotations

Branches:
Dungeon (3/15)

Altars:

Shops:
D:1 *


Message History

The orc is lightly wounded.
You shoot a sling bullet.
The sling bullet closely misses the orc.
The sling bullet hits the orc.
The orc is lightly wounded.
The orc hits you but does no damage.
You shoot a sling bullet. The sling bullet hits the orc.
The orc is severely wounded.
The orc completely misses you. The endoplasm freezes you.
You are frozen.
The orc hits you with a +0 whip.
You shoot a sling bullet.
The sling bullet closely misses the orc.
The sling bullet hits the orc but does no damage.
The endoplasm jiggles.
The endoplasm closely misses you.
You shoot a sling bullet.
The sling bullet closely misses the orc. x2
The sling bullet hits the orc.
The orc is almost dead.
The endoplasm hits you but does no damage.
You shoot a sling bullet.
The sling bullet completely misses the orc.
The orc hits you with a +0 mace. The endoplasm barely misses you.
The orc hits you with a +0 whip.
You shoot a sling bullet. The sling bullet hits the orc.
You kill the orc!
The endoplasm freezes you.
You are frozen.
The orc hits you with a +0 mace. The endoplasm barely misses you.
You furiously retaliate!
You headbutt the endoplasm!
You kill the endoplasm!
The orc hits you with a +0 flail. The orc hits you with a +0 mace.
You shoot a sling bullet. The sling bullet barely misses the orc.
The orc hits you with a +0 mace! The orc hits you with a +0 flail.
2091 ||| READING scroll of teleportation.
As you read the scroll of teleportation, it crumbles to dust.
You feel strangely unstable. The orc hits you with a +0 mace.
The orc hits you with a +0 flail!
You die...

.........#
.PPP.######
777.......#
.77..^#####
_7PP.<# .P7...#
PP.P..#
########## #
...P..#
.......#o#.#<#.
....###
######.@o......
#####
.....#.)##.....
#....## ...
#### #.....## #
.... ##......##
### #........#
.# #..#.....#
.# #..#....##
.# #..##..##


You could see 2 orcs.

Vanquished Creatures
  4 adders
  A worm (D:2)
  3 dart slugs
  An orc (D:3)
  2 ball pythons (D:2)
  5 bats
  4 endoplasms
  2 giant cockroaches (D:2)
  A goblin (D:1)
  A hobgoblin (D:1)
  2 quokkas
  4 frilled lizards
  8 kobolds
  4 rats
42 creatures vanquished.

Notes
Turn   | Place    | Note
-------+----------+-------------------------------------------
     0 | D:1      | qw the Minotaur Hexslinger began the quest for the Orb.
     0 | D:1      | Reached XP level 1. HP: 16/16 MP: 1/1
     0 | D:1      | 0 ||| qw: Version: 0.3-a-46-gb1f654a
     0 | D:1      | 0 ||| qw: Game counter: 2211
     0 | D:1      | 0 ||| qw: Melee chars always use a shield: true
     0 | D:1      | 0 ||| qw: God list: Okawaru
     0 | D:1      | 0 ||| qw: Allow faded altars: false
     0 | D:1      | 0 ||| qw: Do Orc after clearing Dungeon:15 true
     0 | D:1      | 0 ||| qw: Do second Lair branch before Depths: true
     0 | D:1      | 0 ||| qw: Lair rune preference: random
     0 | D:1      | 0 ||| qw: Goals: Normal
     0 | D:1      | 0 ||| PLANNING D:1-11
   130 | D:1      | Reached skill level 3 in Ranged Weapons
   175 | D:1      | Found Fafomi's General Store.
   181 | D:1      | 181 ||| SHOPLISTING +0 ring mail (48 gold, have 39).
   181 | D:1      | 181 ||| SHOPLISTING 2 potions of mutation (192 gold, have
                  | 39).
   186 | D:1      | Reached XP level 2. HP: 23/23 MP: 2/2
   942 | D:1      | 942 ||| UPGRADING to +0 leather armour.
   952 | D:1      | 952 ||| DROPPING +0 robe.
   953 | D:1      | 953 ||| UPGRADING to +0 ring mail.
   963 | D:1      | 963 ||| DROPPING +0 leather armour.
   964 | D:1      | 964 ||| READING scroll labelled YLEITU EZXESUEQO.
  1065 | D:1      | 1065 ||| READING scroll labelled PEKLEGG KETSEC.
  1066 | D:1      | 1066 ||| READING scroll labelled VOCKEZ JEOKOSMEO.
  1067 | D:1      | 1067 ||| READING scroll labelled ZATEAC KYOLL.
  1068 | D:1      | 1068 ||| DROPPING scroll of poison.
  1088 | D:2      | Reached XP level 3. HP: 29/29 MP: 3/3
  1327 | D:2      | Reached skill level 4 in Ranged Weapons
  1531 | D:2      | Reached skill level 1 in Armour
  1896 | D:2      | 1896 ||| READING 2 scrolls labelled YSCHIKL EGOO.
  1897 | D:2      | 1897 ||| READING scroll labelled UHADYE UPLIN.
  1898 | D:2      | 1898 ||| READING scroll labelled HINUCS ININ.
  1899 | D:2      | 1899 ||| READING scroll labelled DILIUB BYOS.
  1900 | D:2      | 1900 ||| READING scroll labelled DECRIL XIUS.
  1901 | D:2      | 1901 ||| READING scroll labelled HAHYMN PUNUWN.
  1954 | D:3      | Found a faded altar of an unknown god.
  1970 | D:3      | Reached XP level 4. HP: 36/36 MP: 4/4
  2090 | D:3      | HP: 9/36 [orc/+0 flail (1)]
  2091 | D:3      | 2091 ||| READING scroll of teleportation.
  2091 | D:3      | Slain by an orc

Levels and vault maps discovered:
D:1:      dpeg_arrival_refuge, layout_basic, serial_shops, shop,
          chequers_arboretum
D:2:      minmay_chambers_of_ones, layout_loops_ring, minmay_tetromino_t4
D:3:      layout_basic, dreamdust_ecumenical_altar_grove, minivault_19,
          roderic_lattice_a, chequers_serial_rivers_small_b,
          minmay_goblin_kobold_house

Skill      XL: |  1  2  3 |
---------------+----------+-----
Ranged Weapons | 3 4 |  4.4
Fighting       | 2 |  2.1
Armour         | 1 |  1.5
Dodging        | |  2.1
Spellcasting   | |  1.0
Hexes          | |  2.0

Action                     |  1- 3 |  4- 6 || total
---------------------------+-------+-------++-------
   Fire: Sling             |   111 |    16 ||   127
    Use: Scroll            |    10 |     1 ||    11
 Armour: Robe              |     3 |       ||     3
         Ring mail         |    15 |     7 ||    22
  Dodge: Dodged            |    36 |    13 ||    49

Table legend:
 A = Non-vault XP
 B = Vault XP
 C = Vault XP percentage of total XP
 D = Non-vault monster count
 E = Vault monster count
 F = Vault count percentage of total count
                 A         B        C        D         E       F
            +---------+---------+-------+---------+---------+-------
      Total |     102 |      21 |  17.1 |      35 |       7 |  16.7
            +---------+---------+-------+---------+---------+-------
        D:1 |      32 |       0 |   0.0 |      18 |       0 |   0.0
        D:2 |      37 |      21 |  36.2 |      12 |       7 |  36.8
        D:3 |      33 |       0 |   0.0 |       5 |       0 |   0.0
            +---------+---------+-------+---------+---------+-------
